 Dungeon Crawl Stone Soup version 0.20-a0-537-g052e6ba (console) character file.

176 HarryHood the Skirmisher (level 5, -4/36 HPs)
             Began as a Gargoyle Berserker on Jan 28, 2017.
             Was a Believer of Trog.
             Slain by a sixfirhy (7 damage)
             ... on level 2 of the Abyss.
             The game lasted 00:16:39 (2944 turns).

HarryHood the Skirmisher (Gargoyle Berserker)       Turns: 2944, Time: 00:16:39

Health: -4/36      AC: 10    Str: 20    XL:     5   Next: 56%
Magic:  5/5        EV:  8    Int:  8    God:    Trog [**....]
Gold:   105        SH:  7    Dex: 10    Spells: 4/4 levels left

rFire    + . .     SeeInvis .   a - +0 mace
rCold    . . .     Gourm    .   n - +0 ring mail
rNeg     + . .     Faith    .   q - +0 shield
rPois    ∞         Spirit   .   (no helmet)
rElec    +         Reflect  .   (no cloak)
rCorr    .         Harm     .   (no gloves)
MR       .....                  b - +0 pair of boots
Stlth    ..........             (no amulet)
Regen    0.2/turn               l - ring of protection from fire
                                k - ring of loudness (curse)

@: no status effects
A: negative energy resistance 1, electricity resistance, unbreathing,
petrification resistance, rot immunity, AC +4
a: Berserk, Trog's Hand, Burn Spellbooks, Renounce Religion


You were on level 2 of the Abyss.
You worshipped Trog.
Trog was pleased with you.
You were hungry.

You visited 1 branch of the dungeon, and saw 3 of its levels.
You visited the Abyss 1 time.

You collected 105 gold pieces.

Inventory:

Hand Weapons
 a - a +0 mace (weapon)
Armour
 b - a +0 pair of boots (worn)
 n - a +0 ring mail (worn)
 q - a +0 shield (worn)
Jewellery
 k - a cursed ring of loudness (left hand)
 l - a ring of protection from fire (right hand)
Scrolls
 d - a scroll of identify {@r1}
 m - a scroll of teleportation {@r0}
 o - a scroll of fog
Potions
 e - a potion of haste {unknown}
 g - a potion of heal wounds {unknown}
 j - 2 potions of cure mutation
Comestibles
 c - 2 bread rations {@e1}
 f - a meat ration {@e1}
 i - 4 royal jellies {=g@e3}


   Skills:
 - Level 6.0 Fighting
 * Level 3.9 Maces & Flails
 - Level 2.1 Armour
 - Level 1.5 Dodging


You had 4 spell levels left.
You didn't know any spells.

Dungeon Overview and Level Annotations

Branches:
Dungeon (3/15)

Altars:
Uskayaw

Annotations:
D:3 Crazy Yiuf


Innate Abilities, Weirdness & Mutations

You are resistant to torment.
Your stone body is resilient. (AC +4)
You are immune to poison.
You resist negative energy. (rN+)
You are resistant to electric shocks. (rElec)
You can survive without breathing.
You are immune to petrification.
You are immune to rotting.


Message History

The sixfirhy hits you but does no damage.
You see here a leather armour.
The sixfirhy hits you.
* * * LOW HITPOINT WARNING * * *
The sixfirhy shocks you. You resist.
* * * LOW HITPOINT WARNING * * *
The sixfirhy hits you but does no damage.
The sixfirhy hits you.
* * * LOW HITPOINT WARNING * * *
The sixfirhy shocks you. You resist.
* * * LOW HITPOINT WARNING * * *
The sixfirhy hits you but does no damage.
The sixfirhy misses you.
The sixfirhy hits you but does no damage. x3
The sixfirhy hits you.
* * * LOW HITPOINT WARNING * * *
The sixfirhy shocks you. You resist.
* * * LOW HITPOINT WARNING * * *
The sixfirhy hits you!
You die...

# .# # # .... .#.
#..#.. ..# #.. ...## #
... ###.##. #..## #.
#.# # ....#.#...# #.#
##.#####.#...##....
....#..##.##........##
#.....#.#........#.#
#@3...X.#......###
#..#.#.#..#.#.# ####
###.....#.#. .....#
..#.#..###.#§#[....
.#..##.#.########.. #.
#.. #...# #..### . .#.
#..## #.# #... ##.. #
# #.


You could see a large abomination and a sixfirhy.

Vanquished Creatures
  A howler monkey (D:3)
  6 adders (D:3)
  A white imp (Abyss:2)
  4 worms
  5 dart slugs
  2 leopard geckos
  2 giant cockroaches
  5 hobgoblins
  5 jackals
  A quokka (D:2)
  A ball python (D:3)
  4 bats
  3 frilled lizards (D:3)
  9 goblins
  3 kobolds
  9 rats
61 creatures vanquished.

Notes
Turn   | Place    | Note
-------+----------+-------------------------------------------
     0 | D:1      | HarryHood the Gargoyle Berserker began the quest for the Orb.
     0 | D:1      | Reached XP level 1. HP: 14/14 MP: 1/1
   218 | D:1      | HP: 1/14 [dart slug (3)]
   506 | D:1      | Reached XP level 2. HP: 16/20 MP: 2/2
   510 | D:1      | Reached skill level 4 in Fighting
   947 | D:2      | Reached XP level 3. HP: 24/24 MP: 3/3
   965 | D:2      | Found a hide-covered altar of Uskayaw.
  1726 | D:3      | Reached skill level 5 in Fighting
  1788 | D:3      | Reached ** piety under Trog
  1788 | D:3      | Reached XP level 4. HP: 21/31 MP: 4/4
  1938 | D:3      | Found a runed door.
  2021 | D:3      | Reached skill level 6 in Fighting
  2021 | D:3      | Reached XP level 5. HP: 31/36 MP: 5/5
  2856 | D:3      | Noticed Crazy Yiuf
  2860 | D:3      | Paralysed by Crazy Yiuf for 3 turns
  2865 | D:3      | Cast into level 2 of the Abyss (Crazy Yiuf)
  2917 | Abyss:2  | Noticed a large abomination
  2930 | Abyss:2  | Noticed a sixfirhy
  2944 | Abyss:2  | HP: 3/36 [sixfirhy (3)]
  2944 | Abyss:2  | Slain by a sixfirhy

Vault maps used:
D:1:      scummos_arrival_simple_fountains
D:2:      lemuel_doored_altar
D:3:      kennysheep_generic_room_2, uniq_crazy_yiuf_cottage

Skill      XL: |  1  2  3  4 |
---------------+-------------+-----
Fighting       | 4 5 6 |  6.0
Maces & Flails | |  3.9
Armour         | |  2.1
Dodging        | |  1.5

Action                   |  1- 3 |  4- 6 || total
-------------------------+-------+-------++-------
Melee: Mace              |   133 |   102 ||   235
  Use: Scroll            |     5 |     1 ||     6
  Eat: Chunk             |     3 |     3 ||     6
Armor: Animal skin       |    34 |       ||    34
       Ring mail         |    10 |    48 ||    58
       Leather armour    |     1 |       ||     1
Dodge: Dodged            |    87 |    41 ||   128
Block: Buckler           |     8 |     2 ||    10
       Shield            |       |    21 ||    21
